 Dungeon Crawl Stone Soup version 0.31-a0-188-g5e087ee2ca (webtiles) character file.

Game seed: 5224708769732182777

102 qw the Shooter (level 4, 0/25 HPs)
             Began as a Deep Elf Hunter on June 23, 2023.
             Slain by a gnoll
             ... wielding a +0 spear
              (6 damage)
             ... on level 3 of the Dungeon.
             The game lasted 00:00:32 (1279 turns).

qw the Shooter (Deep Elf Hunter)                    Turns: 1279, Time: 00:00:33

Health: 0/25       AC:  4    Str: 10    XL:     4   Next: 49%
Magic:  6/6        EV: 12    Int: 14    God:
Gold:   65         SH:  0    Dex: 18    Spells: 3/3 levels left

rFire   . . .        Y - +0 shortbow
rCold   . . .        (shield currently unavailable)
rNeg    . . .        c - +0 leather armour
rPois   .            (no helmet)
rElec   .            (no cloak)
rCorr   .            f - +0 pair of gloves
SInv    .            (no boots)
Will    .....        (no amulet)
Stlth   ++           (no ring)
HPRegen 0.24/turn    (no ring)
MPRegen 0.10/turn

%: no passive effects
@: no status effects
A: no striking features
a: no special abilities


You were on level 3 of the Dungeon.
You visited 1 branch of the dungeon, and saw 3 of its levels.

You collected 65 gold pieces.


   Skills:
 - Level 1.5 Fighting
 + Level 7.9 Ranged Weapons
 - Level 2.4 Dodging
 - Level 1.2 Stealth


You had 3 spell levels left.
You didn't know any spells.
Your spell library was empty.

Inventory:

Hand Weapons
 Y - a +0 shortbow (weapon)
Armour
 c - a +0 leather armour (worn)
 f - a +0 pair of gloves (worn)
 j - a +0 ring mail
Potions
 a - a potion of cancellation {unknown}
 b - a potion of brilliance {unknown}
 d - a potion of heal wounds {unknown}
 e - a potion of haste {unknown}
 g - a potion of mutation {unknown}
 h - a potion of curing {unknown}
 i - a potion of might {unknown}

Dungeon Overview and Level Annotations

Branches:
Dungeon (3/15)

Altars:
Wu Jian


Message History

You shoot an arrow. The arrow hits the ball python.
The ball python is severely wounded.
You shoot an arrow. The arrow hits the ball python.
You kill the ball python!
You see here a ball python corpse.
A worm comes into view.
You shoot an arrow. The arrow hits the worm.
The worm is lightly wounded.
You shoot an arrow. The arrow hits the worm!
The worm is heavily wounded.
You shoot an arrow. The arrow hits the worm.
The worm is severely wounded.
You shoot an arrow. The arrow barely misses the worm.
You shoot an arrow. The arrow hits the worm!
You kill the worm!
Found a sling. 3 gnolls come into view.
The gnoll shouts! x3
The gnoll moves out of view.
You shoot an arrow. The arrow hits the gnoll!
The gnoll is severely wounded.
You shoot an arrow.
The arrow hits the gnoll but does no damage.
The gnoll is severely wounded.
The gnoll hits you with a +0 whip.
You shoot an arrow. The arrow closely misses the gnoll.
The gnoll hits you with a +0 whip.
You shoot an arrow. The arrow hits the gnoll.
The gnoll is severely wounded.
The gnoll hits you from afar with a +0 spear.
The gnoll misses you.
You shoot an arrow. The arrow barely misses the gnoll.
The gnoll misses you. The gnoll hits you with a +0 whip!
You shoot an arrow. The arrow hits the gnoll.
You kill the gnoll!
The gnoll closely misses you.
You shoot an arrow. The arrow hits the gnoll.
The gnoll is moderately wounded.
The gnoll hits you from afar with a +0 spear.
You die...

#.. .# #.# #.## #.# #...
## #.# ..$ .. #.# .) .#
#######.#######.#.####
###..............)gg....
#.......%....%..@#
.....####.######.##.#
#.#..# #...........##
#....# ######..........
#....# #.#####.#.#
#....# #.# # #.#..# #.#
#.#..#########.#
#.#..........#.#


You could see 2 gnolls.

Vanquished Creatures
  2 gnolls
  3 adders (D:2)
  A worm (D:3)
  6 ball pythons
  8 bats
  3 endoplasms (D:1)
  3 giant cockroaches
  4 goblins
  2 hobgoblins (D:2)
  3 jackals (D:1)
  6 kobolds
  4 quokkas
  A frilled lizard (D:3)
  3 rats
49 creatures vanquished.

Notes
Turn   | Place    | Note
-------+----------+-------------------------------------------
     0 | D:1      | qw the Deep Elf Hunter began the quest for the Orb.
     0 | D:1      | Reached XP level 1. HP: 12/12 MP: 3/3
     0 | D:1      | 0 ||| qw: Version: 0.3-a-9-g12657ce
     0 | D:1      | 0 ||| qw: Game counter: 3225
     0 | D:1      | 0 ||| qw: Always use a shield: true
     0 | D:1      | 0 ||| qw: God list: Okawaru
     0 | D:1      | 0 ||| qw: Allow faded altars: false
     0 | D:1      | 0 ||| qw: Do Orc after D:15 true
     0 | D:1      | 0 ||| qw: Do second Lair branch before Depths: true
     0 | D:1      | 0 ||| qw: Lair rune preference: random
     0 | D:1      | 0 ||| qw: Plans: Normal
     0 | D:1      | 0 ||| PLANNING D:1-11
    95 | D:1      | Reached skill level 6 in Ranged Weapons
    95 | D:1      | Reached XP level 2. HP: 15/16 MP: 4/4
   384 | D:1      | 384 ||| Stepping ~*~*~tactically~*~*~ (outnumbered).
   389 | D:1      | Reached XP level 3. HP: 20/20 MP: 5/5
   405 | D:1      | HP: 5/20 [poisoned by a kobold]
   409 | D:1      | HP: 2/20 [poisoned by a kobold]
   664 | D:1      | 664 ||| UPGRADING to +0 pair of gloves.
   669 | D:1      | 669 ||| READING scroll labelled VUYTZO KIXE.
   670 | D:1      | 670 ||| READING scroll labelled JEVUADDAG JAAFF.
   671 | D:1      | 671 ||| READING scroll labelled QEICVAMNIPN.
   672 | D:1      | 672 ||| DROPPING scroll of butterflies.
   720 | D:2      | Reached skill level 7 in Ranged Weapons
   740 | D:2      | Identified the +2 dagger of Bodily Humours {freeze, rN+
                  | Dex+4}
   777 | D:2      | Found an ornate altar of the Wu Jian Council.
   873 | D:2      | Reached XP level 4. HP: 25/25 MP: 6/6
  1277 | D:3      | HP: 6/25 [gnoll/+0 whip (8)]
  1279 | D:3      | Slain by a gnoll

Levels and vault maps discovered:
D:1:      dpeg_arrival_round_a, layout_basic, dreamdust_mushroom_princess
D:2:      layout_basic, basic_altar, hex_tiny
D:3:      layout_loops_ring, mainiacjoe_overflow_chevrons, serial_shops,
          nicolae_shop_temple_entry_statues_fountains

Skill      XL: |  1  2  3 |
---------------+----------+-----
Ranged Weapons | 6 7 |  7.9
Fighting       | |  1.5
Dodging        | |  2.4
Stealth        | |  1.2

Action                     |  1- 3 |  4- 6 || total
---------------------------+-------+-------++-------
   Fire: Shortbow          |    81 |    44 ||   125
    Use: Scroll            |     3 |       ||     3
 Armour: Leather armour    |     9 |     3 ||    12
  Dodge: Dodged            |    24 |    14 ||    38

Table legend:
 A = Non-vault XP
 B = Vault XP
 C = Vault XP percentage of total XP
 D = Non-vault monster count
 E = Vault monster count
 F = Vault count percentage of total count
                 A         B        C        D         E       F
            +---------+---------+-------+---------+---------+-------
      Total |     146 |       0 |   0.0 |      49 |       0 |   0.0
            +---------+---------+-------+---------+---------+-------
        D:1 |      57 |       0 |   0.0 |      25 |       0 |   0.0
        D:2 |      65 |       0 |   0.0 |      18 |       0 |   0.0
        D:3 |      24 |       0 |   0.0 |       6 |       0 |   0.0
            +---------+---------+-------+---------+---------+-------
